 Dungeon Crawl Stone Soup version 0.28.0-43-g3370ac3207 (webtiles) character file.

Game seed: 7211764308363960573

119 mortz the Conjurer (level 5, -5/35 HPs)
             Began as a Human Conjurer on Mar 3, 2022.
             Shot with an arrow by a centaur (8 damage)
             ... on level 5 of the Dungeon.
             The game lasted 00:11:58 (2269 turns).

mortz the Conjurer (Human Conjurer)                 Turns: 2269, Time: 00:11:59

Health: -5/35      AC:  5    Str:  7    XL:     5   Next: 24%
Magic:  9/9        EV: 12    Int: 21    God:
Gold:   167        SH:  0    Dex: 17    Spells: 6/9 levels left

rFire   . . .      SeeInvis .   q - +2 rapier (speed) {short}
rCold   . . .      Faith    .   (no shield)
rNeg    . . .      Spirit   .   a - +0 robe
rPois   .          Reflect  .   (no helmet)
rElec   .          Harm     .   (no cloak)
rCorr   .          Rampage  .   (no gloves)
Will    .....                   f - +2 pair of boots
Stlth   ++........              (no amulet)
HPRegen 0.11/turn               h - +6 ring of dexterity
MPRegen 0.11/turn               (no ring)

@: no status effects
A: no striking features
a: no special abilities


You were on level 5 of the Dungeon.
You visited 1 branch of the dungeon, and saw 5 of its levels.

You collected 167 gold pieces.


   Skills:
 + Level 2.2 Dodging
 + Level 2.2 Stealth
 + Level 2.9 Spellcasting
 + Level 5.4 Conjurations


You had 6 spell levels left.
You knew the following spells:

 Your Spells              Type           Power      Damage    Failure   Level
a - Magic Dart            Conj           100%       1d8       1%          1
b - Searing Ray           Conj           52%        2d6       2%          2

Your spell library contained the following spells:

 Spells                   Type           Power      Damage    Failure   Level
 Shock                    Conj/Air       56%        1d6       4%          1
 Dazzling Flash           Conj/Hex       28%        N/A       13%         3
 Corpse Rot               Necr/Air       6%         N/A       21%         2
 Swiftness                Air            3%         N/A       38%         3
 Fulminant Prism          Conj/Hex       7%         3d7       41%         4
 Iskenderun's Mystic Bla  Conj/Tloc      14%        2d5       41%         4
 Airstrike                Air            1%         N/A       80%         4
 Dispel Undead            Necr           3%         3d7       80%         4
 Death Channel            Necr           1%         N/A       100%        6

Inventory:

Hand Weapons
 b - a +0 flail {mace}
   (You found it on level 1 of the Dungeon)
 d - a +0 dagger {short}
   (You took it off a goblin on level 1 of the Dungeon)
 e - a +0 spear {polearm}
   (You found it on level 1 of the Dungeon)
 i - a +0 mace {mace}
   (You found it on level 1 of the Dungeon)
 k - a +0 short sword {short}
   (You took it off a kobold on level 1 of the Dungeon)
 q - a +2 rapier of speed (weapon) {short}
   (You found it on level 5 of the Dungeon)
Missiles
 c - 2 stones {throwing}
Armour
 a - a +0 robe (worn)
 f - a +2 pair of boots (worn)
   (You found it on level 1 of the Dungeon)
 n - a +0 ring mail
   (You found it on level 3 of the Dungeon)
Jewellery
 h - a +6 ring of dexterity (left hand)
   (You found it on level 1 of the Dungeon)
Wands
 p - a wand of digging (5)
   (You found it on level 3 of the Dungeon)
Scrolls
 g - a scroll of vulnerability {unknown}
 m - a scroll of teleportation {unknown}
 o - a scroll of enchant armour {unknown}
 r - a scroll of fog {unknown}
Potions
 j - a potion of magic {unknown}
 l - a potion of curing {unknown}

Dungeon Overview and Level Annotations

Branches:
Dungeon (5/15)
 Temple: D:4-7

Altars:

Shops:
D:1 =

Annotations:
D:4 Edmund
D:5 Duvessa

#####..### ...## ....
.....c...###...## #....
...##.#..# .....##....
#.......###........#
##............g....#
#..###.##..#.#.....##
...###..####.##.....##
.....#..##c.....gh...#
##..........#.##@#.....
####........####.# .g.
.##...†..#### #.. .
.##...[<.# ....
##...##...# .Z...
......#..............
.....###..............
...>.# ##..............
.....# >.....


You could see a centaur, 2 gnolls, a jackal and a water moccasin skeleton
(wandering).


Message History

An orc comes into view. It is wielding a +0 war axe.
The adder bites you but does no damage.
The orc wizard mumbles some strange words.
The orc wizard flickers and vanishes!
Deactivating autopickup; reactivate with Ctrl-A.
The orc priest miscasts a cantrip.
There is a stone staircase leading down here.
The adder completely misses you. The adder bites you.
You climb downwards.
Reactivating autopickup.
Found a pair of boots.
Found a stone staircase leading down.
There is a stone staircase leading up here. 😕 HP[-3]
You take 3 damage, and now have 25/30 hp.
Casting: Searing Ray (safe; 2% risk of failure)
Confirm with . or Enter, or press ? or * to list all spells.
Aiming: Searing Ray (safe; 2% risk of failure)
Press: ? - help, Shift-Dir - straight line, f - adder
Aim: an adder (66% to hit)
The searing ray hits the adder. (Press . to maintain the ray.)
The adder barely misses you. 😕 MP[-2]
You lost 2 mp, and now have 5/7 mp.
The searing ray hits the adder.
You kill the adder! 😕 HP[+1] MP[-1]
You see here a +0 pair of boots.
Found a stone staircase leading down.
A bullfrog skeleton comes into view. 😕 MP[+1]
You see here a +2 rapier of speed {short}.
Your hands tingle!
q - a +2 rapier of speed (weapon)
{short}
Casting: Searing Ray (safe; 2% risk of failure)
Confirm with . or Enter, or press ? or * to list all spells.
Aiming: Searing Ray (safe; 2% risk of failure)
Press: ? - help, Shift-Dir - straight line, f - bullfrog skeleton
Aim: a bullfrog skeleton (93% to hit)
The searing ray hits the bullfrog skeleton. (Press . to maintain the ray.) 😕 HP[+1] MP[-2]
You lost 2 mp, and now have 3/8 mp.
The searing ray hits the bullfrog skeleton!
The bullfrog skeleton hits you but does no damage. 😕 MP[-1]
You lost 1 mp, and now have 2/8 mp.
The searing ray hits the bullfrog skeleton.
The bullfrog skeleton closely misses you. 😕 MP[-1]
You lost 1 mp, and now have 1/8 mp.
The searing ray hits the bullfrog skeleton!
You destroy the bullfrog skeleton!
You finish channelling your searing ray.
You have reached level 5! 😕 HP[+4] MP[-1]
You now have 35 max hp (+5).
You regained 4 hp, and now have 31/35 hp. 😕 HP[+1]
You now have 167 gold pieces (gained 16). 😕 MP[+1]
r - a scroll labelled ICATZI IHEURY You start resting. 😎 HP[+3] MP[+2]
Your hp is fully restored (35).
You regained 2 mp, and now have 3/9 mp.
You start resting. 😎 MP[+6]
Your mp is fully restored (9).
A centaur comes into view.
Duvessa, Sister of Dowan comes into view.
She is wielding a +6 rapier of flaming.
A centaur comes into view.
The centaur shouts!
You hear a shout!
The centaur wields a +0 shortbow.
The centaur shoots an arrow.
The arrow hits you! 😕 HP[-8]
You take 8 damage, and now have 27/35 hp.
MASSIVE DAMAGE!! (PAUSE)
The centaur shoots an arrow.
The arrow closely misses you.
The centaur shoots an arrow.
The arrow hits you!
* * * LOW HITPOINT WARNING * * *
The centaur shoots an arrow.
The arrow hits you.
* * * LOW HITPOINT WARNING * * *
😨 HP[-14]
You take 14 damage, and now have 13/35 hp.
MASSIVE DAMAGE!! (PAUSE)
The centaur shoots an arrow.
The arrow hits you!
* * * LOW HITPOINT WARNING * * *
😱 HP[-10]
You take 10 damage, and now have 3/35 hp.
MASSIVE DAMAGE!! (PAUSE)
A gnoll comes into view. It is wielding a +0 flail.
The gnoll moves out of view.
A gnoll comes into view. It is wielding a +0 whip.
A jackal comes into view.
The gnoll shouts!
You hear a shout!
You hear a bark!
You hear a shout!
The centaur shoots an arrow.
The arrow barely misses you.
A gnoll comes into view. It is wielding a +0 halberd.
The centaur shoots an arrow.
The arrow barely misses you.
The centaur shoots an arrow.
The arrow hits you!
You die...

Skill      XL: |  1  2  3 |
---------------+----------+-----
Conjurations   | 5 |  5.4
Dodging        | |  2.2
Stealth        | |  2.2
Spellcasting   | |  2.9

Action                   |  1- 3 |  4- 6 || total
-------------------------+-------+-------++-------
Melee: Dagger            |     2 |     1 ||     3
 Cast: Magic Dart        |    44 |    13 ||    57
       Searing Ray       |     6 |    10 ||    16
Armor: Robe              |     3 |     4 ||     7
Dodge: Dodged            |     5 |    16 ||    21

Levels and vault maps discovered:
D:1:      lemuel_arrival_hallway, layout_rooms, minmay_misc_feat_doors,
          nicolae_shop_unique_rings
D:2:      layout_loops_ring, uniq_jessica
D:3:      cheibrodos_helix_gallery, layout_loops_ring,
          ebering_ecumenical_altar_hall, roderic_lattice_a,
          minmay_goblin_outpost, uniq_pargi
D:4:      layout_basic, mainiacjoe_overflow_boulevard, jmf_multi_god_temple2,
          st_stairs_11, uniq_edmund
D:5:      layout_cave_pools, minmay_temple_entry_mist, serial_gnoll_camp,
          gnoll_camp_mini_hut, gnoll_camp_huts_basic, gnoll_camp_mini_hut,
          gnoll_camp_mini_loothouse, gnoll_camp_mini_house,
          gnoll_camp_mini_basic, minmay_manual_mares, uniq_ijyb, uniq_duvessa

Notes
Turn   | Place    | Note
-------+----------+-------------------------------------------
     0 | D:1      | mortz the Human Conjurer began the quest for the Orb.
     0 | D:1      | Reached XP level 1. HP: 13/13 MP: 3/3
     0 | D:1      | magus.rc [v1.9.6]
   117 | D:1      | Found Caiten's One-of-a-Kind Rings.
   181 | D:1      | Reached XP level 2. HP: 19/19 MP: 0/5
   363 | D:1      | You pick up a book of Air and begin reading...
   363 | D:1      | You add the spells Shock, Swiftness and Airstrike to your
                  | library.
   367 | D:1      | Learned a level 2 spell: Searing Ray
   662 | D:1      | Reached XP level 3. HP: 24/24 MP: 4/6
  1243 | D:2      | Noticed Jessica
  1245 | D:2      | Killed Jessica
  1246 | D:2      | Reached skill level 5 in Conjurations
  1246 | D:2      | Reached XP level 4. HP: 30/30 MP: 3/7
  1876 | D:3      | You pick up a book of Decay and begin reading...
  1876 | D:3      | You add the spells Corpse Rot, Dispel Undead and Death
                  | Channel to your library.
  2098 | D:3      | Found a faded altar of an unknown god.
  2102 | D:3      | You fall into a shaft and drop 1 floor!
  2103 | D:4      | Noticed Edmund
  2154 | D:5      | Entered Level 5 of the Dungeon
  2170 | D:5      | Reached XP level 5. HP: 31/35 MP: 0/9
  2248 | D:5      | Noticed a centaur
  2250 | D:5      | Noticed Duvessa
  2256 | D:5      | Noticed a centaur
  2261 | D:5      | HP: 3/35 [centaur/arrow (11)]
  2269 | D:5      | Shot with an arrow by a centaur

Vanquished Creatures
  A bullfrog skeleton (D:5)
  Jessica (D:2)
  An adder (D:5)
  A worm (D:3)
  3 dart slugs
  6 endoplasms
  2 giant cockroaches
  6 hobgoblins
  4 quokkas
  4 ball pythons (D:1)
  2 bats (D:1)
  3 frilled lizards
  9 goblins
  2 kobolds (D:1)
  3 rats
48 creatures vanquished.

Table legend:
 A = Non-vault XP
 B = Vault XP
 C = Vault XP percentage of total XP
 D = Non-vault monster count
 E = Vault monster count
 F = Vault count percentage of total count
                 A         B        C        D         E       F
            +---------+---------+-------+---------+---------+-------
      Total |     126 |      45 |  26.3 |      41 |       7 |  14.6
            +---------+---------+-------+---------+---------+-------
        D:1 |      34 |       0 |   0.0 |      22 |       0 |   0.0
        D:2 |      25 |      37 |  59.7 |      11 |       1 |   8.3
        D:3 |      14 |       8 |  36.4 |       6 |       6 |  50.0
        D:5 |      53 |       0 |   0.0 |       2 |       0 |   0.0
            +---------+---------+-------+---------+---------+-------

Illustrated notes

Table legend:
 A = Kills in this place as a percentage of kills in entire the game.
 B = Kills by you in this place as a percentage of kills by you in the entire game.
 C = Kills by friends in this place as a percentage of kills by friends in the entire game.
 D = Other kills in this place as a percentage of other kills in the entire game.
 E = Experience gained in this place as a percentage of experience gained in the entire game.
 F = Experience gained in this place divided by the number of levels of this place that you have seen.
                   A       B       C       D       E      F
               +-------+-------+-------+-------+-------+----------------------
         Total | 100.0 | 100.0 |   N/A |   N/A | 100.0 |  34.2
       Dungeon | 100.0 | 100.0 |   N/A |   N/A | 100.0 |  34.2
               +-------+-------+-------+-------+-------+----------------------

Table legend: (Time is in decaauts)
 A = Elapsed time spent in this place.
 B = Non-inter-level travel time spent in this place.
 C = Inter-level travel time spent in this place.
 D = Time resting spent in this place.
 E = Time spent auto-exploring this place.
 F = Levels seen in this place.
 G = Mean time per level.
                   A        B        C        D        E       F      G
               +--------+--------+--------+--------+--------+-----+--------+
         Total |   2265 |   2258 |      7 |    981 |    912 |   5 |  453.0 |
       Dungeon |   2265 |   2258 |      7 |    981 |    912 |   5 |  453.0 |
               +--------+--------+--------+--------+--------+-----+--------+

Top non-repeatable levels by time:
     D:2: 879 daAuts
     D:1: 781 daAuts
     D:3: 438 daAuts
     D:5: 114 daAuts
     D:4: 51 daAuts
